 Dungeon Crawl Stone Soup version 0.28.0 (webtiles) character file.

Game seed: 14920050245703832565

1274 Anon1729 the Insei (level 8, -16/50 (52) HPs)
             Began as an Octopode Transmuter on Feb 16, 2022.
             Was a Believer of Fedhas.
             Demolished by a gnoll (20 damage)
             ... in a bailey.
             The game lasted 00:10:56 (8780 turns).

Anon1729 the Insei (Octopode Transmuter)            Turns: 8780, Time: 00:10:57

HP:   -16/50 (52)   AC:  2    Str:  9    XL:     8   Next: 53%
MP:   11/12         EV: 21    Int: 17    God:    Fedhas [**....]
Gold: 305           SH:  0    Dex: 18    Spells: 2/13 levels left

rFire   . . .      SeeInvis .     - Unarmed
rCold   . . .      Faith    .   (shield currently unavailable)
rNeg    + . .      Spirit   .   (helmet currently unavailable)
rPois   x          Reflect  .   s - amulet of magic regeneration
rElec   .          Harm     .   q - ring of wizardry
rCorr   .          Rampage  .   e - ring of positive energy
Will    .....                   (no ring)
Stlth   +++.......              (no ring)
HPRegen 0.16/turn               (no ring)
MPRegen 0.53/turn               (no ring)
                                (no ring)
                                (no ring)

@: spider-form, lightly drained
A: venomous fangs, almost no armour, (amphibious), 8 rings, tiny, (camouflage
1), (gelatinous body 1), (nimble swimmer 1), (tentacles)
a: End Transformation, Renounce Religion, Wall of Briars


You were in a bailey.
You worshipped Fedhas.
Fedhas was pleased with you.
You were a venomous arachnid creature.
You visited 2 branches of the dungeon, and saw 8 of its levels.
You also visited: Bailey.

You collected 305 gold pieces.

Inventory:

Magical Staves
 o - a staff of poison
Jewellery
 e - a ring of positive energy (right front leg)
 q - a ring of wizardry (left front leg)
 s - an amulet of magic regeneration (around neck)
Wands
 m - a wand of mindburst (7)
Scrolls
 a - a scroll of silence
 j - a scroll of enchant armour
 n - a scroll of teleportation
 u - a scroll of blinking
 w - a scroll of holy word {unknown}
 x - a scroll of vulnerability {unknown}
Potions
 b - a potion of curing {unknown}
 d - 3 potions of berserk rage
 g - 2 potions of brilliance
 h - 3 potions of heal wounds
 i - a potion of attraction {unknown}
 p - 2 potions of cancellation {unknown}
 r - a potion of might {unknown}
 t - a potion of degeneration {unknown}
 v - a potion of magic {unknown}
 z - 2 potions of mutation {unknown}
 A - a potion of haste {unknown}


   Skills:
 + Level 3.5 Fighting
 + Level 4.1 Dodging
 + Level 4.2 Stealth
 * Level 5.6 Unarmed Combat
 - Level 3.2 Spellcasting
 + Level 4.1 Transmutations
 + Level 3.4 Poison Magic
 * Level 2.9 Invocations


You had 2 spell levels left.
You knew the following spells:

 Your Spells              Type           Power      Damage    Failure   Level
a - Beastly Appendage     Tmut           32%        N/A       4%          1
b - Wereblood             Tmut           16%        N/A       6%          2
c - Spider Form           Tmut/Pois      15%        N/A       11%         3
d - Alistair's Intoxicat  Tmut/Pois      10%        N/A       52%         5

Your spell library contained the following spells:

 Spells                   Type           Power      Damage    Failure   Level
 Apportation              Tloc           4%         N/A       16%         1
 Call Canine Familiar     Summ           2%         N/A       34%         3
 Portal Projectile        Hex/Tloc       4%         N/A       34%         3
 Ice Form                 Ice/Tmut       9%         N/A       45%         4
 Leda's Liquefaction      Hex/Erth       1%         N/A       69%         4


Dungeon Overview and Level Annotations

Branches:
Dungeon (7/15)             Temple (1/1) D:4          Bailey (1/1)

Altars:
Fedhas
Kikubaaqudgha
Makhleb
Nemelex Xobeh
Ru
Sif Muna
Uskayaw
Wu Jian
Yredelemnul
Zin
The Shining One

Shops:
D:7 =


Innate Abilities, Weirdness & Mutations

You are a venomous arachnid creature.
You have poisonous fangs.
You are tiny and dextrous.
Your spellcasting is less reliable in this form.
Your armour is entirely melded.
You are incapable of wielding weapons or throwing items.
You cannot wear most types of armour.
((You are amphibious.))
You can wear up to eight rings at the same time.
((Your skin changes colour to match your surroundings (Stealth+).))
((Your rubbery body absorbs attacks. (AC +1, EV +1)))
((You are camouflaged when in or above water. (Stealth+)))
((You have tentacles for arms and can constrict up to eight enemies at once.))


Message History

As you close the door, it creaks loudly!
A gnoll breaks down the door.
There is a fountain of clear blue water here.
There is an open door here.
There is an open door here.
You see here a +1 halberd of electrocution.
Which direction?
You close the door.
There is an open door here.
As you close the door, it creaks loudly!
Casting: Spider Form (dangerous; 4% risk of failure)
Confirm with . or Enter, or press ? or * to list all spells.
You turn into a venomous arachnid creature.
There is an open door here.
As you close the door, it creaks loudly!
You start resting.
Magic restored.
You start resting.
Your transformation is almost over.
Your transformation has ended.
A gnoll opens the door.
Casting: Spider Form (dangerous; 4% risk of failure)
Confirm with . or Enter, or press ? or * to list all spells.
You turn into a venomous arachnid creature.
The gnoll completely misses you. The gnoll barely misses you.
The gnoll hits you but does no damage. You partially resist.
There is an open door here.
You barely miss the gnoll.
The gnoll hits you from afar with a +0 halberd of draining.
You partially resist.
You feel drained. The gnoll closely misses you.
The gnoll hits you with a +0 halberd of draining.
You partially resist.
You feel drained.
You hit the gnoll.
The gnoll is poisoned.
The gnoll is heavily wounded.
The gnoll hits you with a +0 halberd of electrocution!
* * * LOW HITPOINT WARNING * * *
You are electrocuted!!
You die...
Fedhas appreciates your contribution to the ecosystem.

### ### ##### ### ###
#∩###.###)'.###)###)#
##'##'##'###'##'##'##
##..gs.## ##.....##
###....g#####.....###
#)'..∩..')#)'..⌠..')#
###.....#####.....###
##.....## ##.....##
##'##'##'###'##'##'##
#)###)###)#)###)###.#
### ### ##### ### #'#
#.#)###.###)#


You could see 2 gnolls.

Vanquished Creatures
  2 sky beasts (D:7)
  A black bear (D:6)
  An ogre (D:4)
  A phantom (D:4)
  3 scorpions (D:6)
  A howler monkey (D:4)
  2 hounds (D:5)
  A bullfrog zombie (D:5)
  Crazy Yiuf (D:3)
  A gnoll shaman (D:4)
  A centaur skeleton (D:6)
  A bullfrog skeleton (D:6)
  An iguana (D:5)
  3 orc wizards (D:6)
  A killer bee zombie (D:6)
  A howler monkey zombie (D:5)
  11 gnolls
  8 adders
  2 ufetubi
  3 worms
  3 dart slugs
  14 orcs
  A bat (D:3)
  4 endoplasms
  3 giant cockroaches
  7 goblins
  6 hobgoblins
  14 jackals
  4 ball pythons
  4 frilled lizards (D:1)
  8 kobolds
  4 rats
118 creatures vanquished.

Vanquished Creatures (others)
  A human (D:5)
  4 plants
5 creatures vanquished.

Grand Total: 123 creatures vanquished

Notes
Turn   | Place    | Note
-------+----------+-------------------------------------------
     0 | D:1      | Anon1729 the Octopode Transmuter began the quest for the
                  | Orb.
     0 | D:1      | Reached XP level 1. HP: 13/13 MP: 3/3
   291 | D:1      | Reached XP level 2. HP: 10/18 MP: 5/5
   638 | D:1      | Reached XP level 3. HP: 23/23 MP: 4/6
  1174 | D:2      | Learned a level 2 spell: Wereblood
  1178 | D:2      | Learned a level 3 spell: Spider Form
  1865 | D:2      | Reached XP level 4. HP: 16/29 MP: 5/7
  2365 | D:3      | Found a faded altar of an unknown god.
  2690 | D:3      | Found a glowing silver altar of Zin.
  2757 | D:3      | Found a glowing golden altar of the Shining One.
  2772 | D:3      | Found a burning altar of Makhleb.
  2808 | D:3      | Found a runed translucent door.
  2809 | D:3      | Noticed Crazy Yiuf
  2845 | D:3      | Reached skill level 1 in Stealth
  3044 | D:3      | Found a blossoming altar of Fedhas.
  3121 | D:3      | Became a worshipper of Fedhas Madash
  3335 | D:3      | Killed Crazy Yiuf
  3336 | D:3      | Reached XP level 5. HP: 14/34 MP: 3/8
  3663 | D:4      | Reached skill level 1 in Poison Magic
  3943 | D:4      | Found a staircase to the Ecumenical Temple.
  4050 | D:4      | Found a basalt altar of Yredelemnul.
  4050 | D:4      | Found an ornate altar of the Wu Jian Council.
  4322 | D:5      | Entered Level 5 of the Dungeon
  4362 | Temple   | Entered the Ecumenical Temple
  4610 | D:4      | Reached skill level 4 in Unarmed Combat
  4692 | D:5      | Reached XP level 6. HP: 28/40 MP: 10/10
  4817 | D:5      | Reached * piety under Fedhas
  5289 | D:4      | Reached XP level 7. HP: 15/45 MP: 11/11
  6235 | D:5      | Found an ancient bone altar of Kikubaaqudgha.
  6235 | D:5      | Noticed a human
  6238 | D:5      | Killed a human
  6291 | D:5      | Found a sacrificial altar of Ru.
  6487 | D:6      | Learned a level 5 spell: Alistair's Intoxication
  6716 | D:6      | Reached skill level 5 in Unarmed Combat
  6716 | D:6      | Reached skill level 1 in Invocations
  6920 | D:6      | Reached XP level 8. HP: 26/52 MP: 12/12
  7369 | D:6      | Reached ** piety under Fedhas
  7387 | D:6      | Found a shimmering blue altar of Sif Muna.
  7679 | D:7      | Found Gaesy's Jewellery Shoppe.
  7750 | D:7      | Found a flagged portal.
  8097 | Bailey   | Entered a bailey
  8780 | Bailey   | Demolished by a gnoll

Illustrated notes

Levels and vault maps discovered:
D:1:      minmay_arrival_glassed_features, layout_loops_ring,
          lexackson_kobold_supper
D:2:      layout_loops_ring
D:3:      layout_basic, mainiacjoe_overflow_paths,
          mainiacjoe_overflow_surrounded_room, fedhas_altar_4, zin_statuary,
          shapermc_ecumenical_altar_starsandcircs, uniq_crazy_yiuf_cottage
D:4:      layout_cave_pools, gammafunk_temple_overflow_pools, temple_fountains,
          serial_forest, infiniplex_forest_end_1,
          infiniplex_forest_clump_curved, infiniplex_forest_end_1,
          infiniplex_forest_straight_2, infiniplex_forest_clump_tiny,
          infiniplex_forest_clump_cross, infiniplex_forest_end_1,
          infiniplex_forest_clump_long, infiniplex_forest_clump_small,
          infiniplex_forest_3_way
D:5:      layout_cave_pools, tgw_kikubaaqudgha, lemuel_round_altar
D:6:      layout_basic, nicolae_sif_muna_condensation
D:7:      layout_loops_ring, enter_bailey_5, minmay_shop_enchanted_jewellery,
          supply_closet_lemuel
Temple:   nicolae_temple_hex_pool
Bailey:   bailey_polearm_nasty_gnolls, bailey

Skill      XL: |  1  2  3  4  5  6  7  8 |
---------------+-------------------------+-----
Fighting       | 2 3 |  3.5
Stealth        | 1 2 3 4 |  4.2
Poison Magic   | 1 2 3 |  3.4
Unarmed Combat | 4 5 |  5.6
Transmutations | 3 4 |  4.1
Dodging        | 3 4 |  4.1
Spellcasting   | 3 |  3.2
Invocations    | 1 2 |  2.9

Action                   |  1- 3 |  4- 6 |  7- 9 || total
-------------------------+-------+-------+-------++-------
Melee: Unarmed           |    69 |   114 |   146 ||   329
       Constrict         |    17 |    17 |    26 ||    60
       Kick              |    17 |    24 |    28 ||    69
       Tentacles         |    11 |    16 |    27 ||    54
       Punch             |     1 |     1 |     2 ||     4
 Cast: Beastly Appendage |    20 |    29 |    18 ||    67
       Spider Form       |       |     5 |    14 ||    19
Evoke: Wand              |       |     2 |     3 ||     5
  Use: Scroll            |       |       |    12 ||    12
 Stab: Sleeping          |       |     6 |     6 ||    12
Armor: Skin              |     4 |     9 |     9 ||    22
Dodge: Dodged            |    48 |    94 |   117 ||   259
